 Dungeon Crawl Stone Soup version 0.17-a0-377-gdd46233 (webtiles) character file.

108 Ryushun the Grave Robber (level 5, 0/37 HPs)
             Began as a Formicid Necromancer on Apr 1, 2015.
             Killed from afar by Sigmund (11 damage)
             ... with a puff of flame
             ... on level 3 of the Dungeon.
             The game lasted 00:26:23 (3618 turns).

Ryushun the Grave Robber (Formicid Necromancer)     Turns: 3618, Time: 00:26:29

Health: 0/37       AC:  4    Str: 13    XL:     5   Next: 12%
Magic:  4/7        EV: 12    Int: 15    God:
Gold:   144        SH:  0    Dex: 11    Spells: 2 memorised, 7 levels left

rFire  . . .     SeeInvis +     C - +1 long sword
rCold  . . .     Clarity  .     a - +0 robe
rNeg   . . .     SustAb   .     h - +0 buckler
rPois  .         Gourm    .     (helmet unavailable)
rElec  .         Spirit   .     o - +1 cloak
rCorr  .         Warding  .     (no gloves)
rMut   .         Stasis   +     (no boots)
MR     .....                    (no amulet)
Stlth  +.........               L - +2 ring of slaying
                                i - ring of flight

@: confused, not resistant to hostile enchantments, very unstealthy
A: permanent stasis, dig shafts and tunnels, four strong arms, antennae 3
a: Dig, Shaft Self, Evoke Flight


You were on level 3 of the Dungeon.
You were not hungry.

You visited 1 branch of the dungeon, and saw 3 of its levels.

You collected 144 gold pieces.

Inventory:

Hand weapons
 e - a +0 short sword
 k - a +0 dagger
 l - a +0 hunting sling
 m - a +0 falchion
 C - a +1 long sword (weapon)
Missiles
 d - 58 arrows
 g - 85 stones (quivered)
 I - a throwing net
 K - 24 sling bullets
Armour
 a - a +0 robe (worn)
 h - a +0 buckler (worn)
 o - a +1 cloak (worn)
 q - a +0 robe
 t - a +0 crystal plate armour
 u - a +0 leather armour
Jewellery
 i - a ring of flight (left hand)
 L - a +2 ring of slaying (right hand)
Magical devices
 A - a wand of digging (24)
Scrolls
 n - a scroll of recharging
 s - 2 scrolls of amnesia
Potions
 f - a potion of brilliance {unknown}
 p - a potion of cure mutation {unknown}
 z - a potion of restore abilities {unknown}
 B - a potion of invisibility {unknown}
 N - a potion of heal wounds {unknown}
Books
 b - a book of Necromancy

   Spells                             Type                      Level
   a - Pain                           Necromancy                   1
   b - Animate Skeleton               Necromancy                   1
   c - Vampiric Draining              Necromancy                   3
   d - Regeneration                   Charms/Necromancy            3
   e - Animate Dead                   Necromancy                   4
   f - Control Undead                 Necromancy                   4
Comestibles
 c - 2 bread rations
 v - a chunk of flesh


   Skills:
 * Level 1.5 Fighting
 + Level 0.8(1.0) Short Blades
 * Level 0.8(1.0) Long Blades
 * Level 0.7 Armour
 * Level 2.0 Dodging
 * Level 2.9 Stealth
 * Level 1.2 Shields
 + Level 2.9 Spellcasting
 + Level 4.4 Necromancy
 * Level 0.4 Evocations


You had 7 spell levels left.
You knew the following spells:

 Your Spells              Type           Power        Failure   Level  Hunger
a - Pain                  Necr           ###.         4%          1    #......
b - Animate Skeleton      Necr           N/A          4%          1    #......


Dungeon Overview and Level Annotations

Branches:
Dungeon (3/15)

Altars:

Annotations:
D:3 Sigmund


Innate Abilities, Weirdness & Mutations

You are under a permanent stasis effect.
You can dig through walls and to a lower floor.
Your four strong arms can wield two-handed weapons with a shield.
You have a pair of large antennae on your head (SInv).


Message History

A potion of degeneration.
Okay, then.
Tossing away (i - inventory. (,) - cycle):
j - a potion of degeneration
Press: ? - help, Shift-Dir - straight line, f/p - Sigmund
Aim: Sigmund, wielding a scythe and wearing a robe (almost dead, slightly transparent)
You toss away a potion of degeneration.
The potion of degeneration hits Sigmund but does no damage.
Sigmund is almost dead.
Sigmund hits you but does no damage. The orc skeleton closely misses you.
Are you sure you want to stumble around while confused and next to your ball python skeleton? (Use ctrl+direction to attack without moving) Uppercase [Y]es or [N]o only, please.
Are you sure you want to stumble around while confused and next to your ball python skeleton? (Use ctrl+direction to attack without moving)
You hit Sigmund.
Sigmund is almost dead.
Sigmund points at you and mumbles some strange words.
You resist with some effort.
The orc skeleton hits you but does no damage.
Sigmund casts a spell at you. The puff of flame hits you!
You die...

#.......#....##...
#.................
.####+#.................
..........<#............
.......ZZ..#............
#........ZZ.#............
....####+#.................
.........Z@...!............
.........Z@.Z..(.#...###...
.#+##.#.#.......###.......
...#.####........##....
.... #.#{..........##....
.... #.####........##....
.. ..............###### #
#.####........# #### #.#
#........# #...
#.##+###.######


You could see Sigmund (invisible), a goblin skeleton, an orc skeleton, a
friendly bat skeleton, a friendly ball python skeleton, a friendly goblin
skeleton and 2 friendly orc skeletons.

Vanquished Creatures
  An adder (D:2)
  A worm (D:2)
  5 orcs (D:3)
  2 ball pythons
  6 hobgoblins
  2 jackals (D:2)
  5 bats
  2 giant cockroaches
  A giant newt (D:1)
  12 goblins
  4 kobolds
  4 rats
45 creatures vanquished.

Vanquished Creatures (collateral kills)
  Robin (D:2)
  An adder (D:2)
  A giant mite (D:3)
  A worm (D:2)
  3 giant geckos
  An orc (D:3)
  A giant cockroach (D:2)
  3 hobgoblins
  2 jackals (D:2)
  2 kobolds (D:2)
  3 bats
  3 goblins (D:2)
  4 rats (D:2)
26 creatures vanquished.

Vanquished Creatures (others)
  5 bat skeletons
  A ball python skeleton (D:2)
  3 goblin skeletons (D:2)
  3 hobgoblin skeletons (D:2)
  A jackal skeleton (D:2)
  2 orc skeletons (D:3)
  3 rat skeletons (D:2)
18 creatures vanquished.

Grand Total: 89 creatures vanquished

Notes
Turn   | Place    | Note
--------------------------------------------------------------
     0 | D:1      | Ryushun, the Formicid Necromancer, began the quest for the Orb.
     0 | D:1      | Reached XP level 1. HP: 13/13 MP: 3/3
   219 | D:1      | Learned a level 1 spell: Animate Skeleton
   643 | D:1      | Reached XP level 2. HP: 20/20 MP: 2/4
  1154 | D:2      | Noticed Robin
  1179 | D:2      | Reached XP level 3. HP: 8/25 MP: 3/5
  1446 | D:2      | Killed Robin
  1563 | D:2      | Reached skill level 1 in Fighting
  1966 | D:2      | Reached XP level 4. HP: 4/32 MP: 1/6
  2771 | D:2      | Reached skill level 1 in Shields
  3304 | D:3      | Reached XP level 5. HP: 35/37 MP: 3/7
  3580 | D:3      | Noticed Sigmund
  3618 | D:3      | Killed from afar by Sigmund

Action                   |  1- 3 |  4- 6 || total
-------------------------+-------+-------++-------
Melee: Dagger            |    77 |    17 ||    94
       Long sword        |       |    33 ||    33
Throw: Stone             |       |     3 ||     3
 Cast: Pain              |    26 |    27 ||    53
       Animate Skeleton  |    17 |    28 ||    45
  Use: Scroll            |       |     9 ||     9
       Potion            |       |     2 ||     2
 Stab: Distracted        |     1 |     1 ||     2
  Eat: Chunk             |     2 |     3 ||     5
       Bread ration      |     1 |       ||     1
